AoeStats
← kable.xpress

Arabia

503304385Analyzed
1v1 RM · 1mo ago on Aug 31, 2026· 43m 15s· 2 players
Game mode
Random Map
Map size
Tiny (2 player)
Population
200
Speed
Normal
Resources
Standard
Victory
Conquest
Starting age
Dark Age
Ending age
Imperial Age
RankedLock teamsTeams togetherTeam positionsShared explorationLock speedFull tech treeHidden civsTurbo modeCheats
Victory
Defeat
🇦🇷 Bengalis · Argentina
2140
+20
🇲🇽 Teutons · Mexico
2222
-20
kable.xpress
7:03 Loom
9:47 Feudal Age
10:17 Double-Bit Axe
10:14 Horse Collar
16:07 Wheelbarrow
19:13 Castle Age
17:26 Gold Mining
18:31 Bloodlines
18:24 Fletching
19:55 Bodkin Arrow
20:11 Bow Saw
21:44 Padded Archer Armor
22:23 Husbandry
26:38 Padded Archer Armor
29:03 Leather Archer Armor
31:25 Hand Cart
34:04 Ballistics
34:34 Gold Shaft Mining
34:24 Heavy Plow
38:09 Imperial Age
38:15 Scale Barding Armor
37:43 Light Cavalry
39:01 Bracer
40:02 Chemistry
40:24 Chain Barding Armor
39:28 Elite Elephant Archer
41:41 Plate Barding Armor
41:17 Forging
42:08 Ring Archer Armor
hK | Romell13
6:05 Loom
9:12 Feudal Age
10:05 Double-Bit Axe
17:13 Gold Mining
17:04 Horse Collar
19:32 Castle Age
18:46 Wheelbarrow
18:47 Scale Barding Armor
19:26 Bloodlines
20:25 Bow Saw
25:23 Padded Archer Armor
26:20 Chain Barding Armor
26:12 Elite Skirmisher
27:14 Fletching
28:11 Leather Archer Armor
28:46 Bodkin Arrow
33:41 Ballistics
39:19 Imperial Age
38:27 Hand Cart
41:09 Chemistry
40:42 Ring Archer Armor
Connection lost

Rejoining the realm…

Still unreachable

The connection could not be restored.

Session expired

The server has moved on; the page needs a fresh start.